AoeStats
← a.l.a.n.t

QS Arena

503464425Analyzed
2v2 RM · 1mo ago on Aug 31, 2026· 33m 47s· 4 players
Game mode
Random Map
Map size
Medium (4 player)
Population
200
Speed
Normal
Resources
Standard
Victory
Conquest
Starting age
Dark Age
Ending age
Imperial Age
RankedLock teamsTeams togetherTeam positionsShared explorationLock speedFull tech treeHidden civsTurbo modeCheats
Victory
Defeat
🇬🇧 Khmer · United Kingdom
1278
+12
🇮🇶 Japanese · Iraq
1053
+22
🇦🇷 Romans · Argentina
1211
-18
🇪🇸 Lithuanians · Spain
1184
-17
a.l.a.n.t
8:27 Feudal Age
9:46 Double-Bit Axe
12:20 Castle Age
16:12 Horse Collar
24:33 Loom
28:16 Imperial Age
26:28 Ballistics
26:12 Stone Mining
28:03 Fletching
28:29 Masonry
28:50 Elite Ballista Elephant
31:00 Chemistry
30:25 Double Crossbow
31:31 Heavy Plow
31:55 Padded Archer Armor
33:51 Scale Barding Armor
aryaszahir958
4:57 Loom
6:55 Feudal Age
14:17 Castle Age
12:39 Stone Mining
12:51 Horse Collar
13:20 Double-Bit Axe
18:10 Gold Mining
22:46 Pikeman
25:39 Squires
25:45 Scale Mail Armor
25:55 Forging
30:21 Imperial Age
28:34 Wheelbarrow
28:54 Gold Shaft Mining
28:47 Heavy Plow
29:04 Bow Saw
30:19 Arson
30:20 Gambesons
30:22 Elite Samurai
30:24 Halberdier
31:22 Chain Mail Armor
31:43 Iron Casting
33:21 Plate Mail Armor
33:55 Kataparuto
Hillary Clinton
8:09 Feudal Age
13:40 Castle Age
12:00 Double-Bit Axe
11:59 Horse Collar
21:48 Heavy Plow
22:28 Wheelbarrow
21:40 Loom
21:43 Town Watch
26:50 Imperial Age
25:04 Scale Barding Armor
25:52 Forging
27:13 Chain Barding Armor
27:29 Iron Casting
27:42 Bloodlines
27:02 Cavalier
27:44 Husbandry
28:26 Conscription
28:50 Crop Rotation
30:14 Plate Barding Armor
31:11 Hand Cart
31:06 Paladin
32:32 Bow Saw
32:48 Pikeman
33:29 Squires
33:15 Arson
33:32 Scale Mail Armor
33:36 Tower Shields
Powned
9:00 Feudal Age
12:51 Castle Age
10:49 Horse Collar
11:35 Double-Bit Axe
12:57 Loom
14:33 Bow Saw
14:52 Heavy Plow
14:31 Man-at-Arms
15:55 Long Swordsman
17:38 Wheelbarrow
18:18 Scale Mail Armor
18:42 Squires
22:39 Forging
22:41 Gold Mining
22:41 Stone Mining
24:06 Iron Casting
24:39 Hand Cart
25:20 Chain Mail Armor
24:53 Town Watch
26:41 Gold Shaft Mining
28:44 Imperial Age
28:09 Masonry
31:11 Town Patrol
31:44 Crop Rotation
31:15 Pikeman
32:58 Blast Furnace
Connection lost

Rejoining the realm…

Still unreachable

The connection could not be restored.

Session expired

The server has moved on; the page needs a fresh start.